 Dungeon Crawl Stone Soup version 0.28-a0-1524-ge72afd5fc6 (webtiles) character file.

Game seed: 12121257005628993645

1081 horus123 the Slicer (level 8, -1/41 HPs)
             Began as a Deep Elf Conjurer on Jan 17, 2022.
             Was an Initiate of Nemelex Xobeh.
             Slain by an orc warrior (7 damage)
             ... on level 4 of the Dungeon.
             The game lasted 00:10:46 (4954 turns).

horus123 the Slicer (Deep Elf Conjurer)             Turns: 4954, Time: 00:10:47

Health: -1/41      AC:  7    Str:  4    XL:     8   Next: 8%
Magic:  0/17       EV: 12    Int: 26    God:    Nemelex Xobeh [......]
Gold:   199        SH:  0    Dex: 13    Spells: 7/17 levels left

rFire   . . .      SeeInvis .   m - +5 rapier
rCold   . . .      Faith    .   (no shield)
rNeg    . . .      Spirit   .   a - +0 robe
rPois   .          Reflect  .   t - +2 hat
rElec   .          Harm     .   (no cloak)
rCorr   .          Rampage  .   c - +2 pair of gloves
Will    .....                   (no boots)
Stlth   +++.......              (no amulet)
HPRegen 0.13/turn               (no ring)
MPRegen 0.15/turn               (no ring)

@: studying Short Blades
A: no striking features
a: Renounce Religion, Draw Escape, Draw Destruction, Draw Summoning


You were on level 4 of the Dungeon.
You worshipped Nemelex Xobeh.
Nemelex Xobeh was noncommittal.
You visited 2 branches of the dungeon, and saw 6 of its levels.

You collected 199 gold pieces.

Inventory:

Hand Weapons
 m - a +5 rapier (weapon)
Missiles
 l - 5 atropa-tipped darts
Armour
 a - a +0 robe (worn)
 c - a +2 pair of gloves (worn)
 t - a +2 hat (worn)
Magical Staves
 b - a staff of cold
Wands
 p - a wand of polymorph (8)
 u - a wand of acid (11)
Scrolls
 e - 2 scrolls of enchant armour {unknown}
 i - a scroll of fear
 n - a scroll of vulnerability {unknown}
 o - a scroll of identify {unknown}
Potions
 d - a potion of ambrosia {unknown}
 f - 2 potions of haste {unknown}
 g - a potion of flight {unknown}
 h - 2 potions of attraction {unknown}
 j - a potion of lignification {unknown}
 k - 4 potions of curing {unknown}
 r - a potion of heal wounds {unknown}
 s - a potion of degeneration {unknown}
Miscellaneous
 q - a piece from Xom's chessboard (15/15)


   Skills:
 - Level 8.2 Short Blades
 - Level 2.4 Dodging
 - Level 5.2 Stealth
 + Level 5.3 Spellcasting
 - Level 6.0 Conjurations
 - Level 4.2 Translocations


You had 7 spell levels left.
You knew the following spells:

 Your Spells              Type           Power      Damage    Failure   Level
a - Magic Dart            Conj           100%       1d8       1%          1
b - Searing Ray           Conj           76%        2d7       1%          2
c - Iskenderun's Mystic   Conj/Tloc      33%        2d8       9%          4
d - Teleport Other        Tloc           28%        N/A       4%          3

Your spell library contained the following spells:

 Spells                   Type           Power      Damage    Failure   Level
 Gell's Gravitas          Tloc           28%        N/A       4%          3
 Lesser Beckoning         Tloc           28%        N/A       4%          3
 Dazzling Flash           Conj/Hex       44%        N/A       6%          3
 Pain                     Necr           24%        1d5       8%          1
 Fulminant Prism          Conj/Hex       11%        3d9       22%         4
 Agony                    Necr           6%         N/A       91%         5
 Excruciating Wounds      Necr           3%         N/A       91%         5


Dungeon Overview and Level Annotations

Branches:
Dungeon (5/15)             Temple (1/1) D:4

Altars:
Ashenzari
Cheibriados
Dithmenos
Elyvilon
Fedhas
Gozag
Hepliaklqana
Nemelex Xobeh
Qazlal
Uskayaw
Wu Jian
Xom
Yredelemnul
Zin
The Shining One

Annotations:
D:5 1 runed translucent door, Crazy Yiuf


Message History

You have reached level 8!
You feel clever.
The searing ray hits the orc warrior!
The orc warrior is heavily wounded.
The orc warrior completely misses you.
The orc warrior hits you with a +0 long sword of flaming.
* * * LOW HITPOINT WARNING * * *
The orc warrior burns you.
* * * LOW HITPOINT WARNING * * *
The orc warrior barely misses you.
There is an escape hatch in the ceiling here.
Casting: Searing Ray (safe; 1% risk of failure)
Confirm with . or Enter, or press ? or * to list all spells.
The spell is quite dangerous to miscast (9% risk of failure)!
Continue anyway?
Okay, then.
The orc warrior hits you with a +0 long sword of flaming!
* * * LOW HITPOINT WARNING * * *
The orc warrior burns you.
* * * LOW HITPOINT WARNING * * *
A mysterious force pulls you upwards. The hatch slams shut behind you.
Casting: Iskenderun's Mystic Blast (quite dangerous; 9% risk of failure)
Confirm with . or Enter, or press ? or * to list all spells.
The spell is quite dangerous to miscast (9% risk of failure)!
Continue anyway?
You erupt in a blast of force!
The mystic blast hits the orc warrior.
The orc warrior is heavily wounded.
The orc warrior is knocked back by the mystic blast.
The orc warrior slams into the rock wall!
The orc warrior is heavily wounded.
Unknown command.
Casting: Iskenderun's Mystic Blast (quite dangerous; 9% risk of failure)
Confirm with . or Enter, or press ? or * to list all spells.
Aiming: Searing Ray (safe; 1% risk of failure)
Press: ? - help, Shift-Dir - straight line, f - orc warrior
Aim: an orc warrior, wielding a +0 long sword of flaming and wearing a +0 chain mail (heavily wounded, 78% to hit)
The searing ray hits the orc warrior.
The orc warrior is severely wounded. (Press . to maintain the ray.)
The orc warrior hits you with a +0 long sword of flaming!
You die...
Your body disappears without a glow.

######.# #.#..#
####...##.########.####
##..(##..#..........# ##
#....#.#..#############.
#...#.#.#...............
#..#.##.#..############.
#..#.#.....# #.
#...##.##..# ##
#...#.#@#.## #..##.##o.#
#..#.#...## #####
#...#..### #....
#..#...# #.### #...)..#
#######.# #.####)#
#....##.### #.# #.#
#.##.##.... #.####.#
#.##.######


You could see an orc warrior.

Vanquished Creatures
  Edmund (D:5)
  An ice beast (D:5)
  A black bear (D:4)
  An ogre (D:4)
  A necrophage (D:5)
  2 phantoms (D:5)
  A bullfrog (D:5)
  A scorpion (D:5)
  A jelly (D:5)
  A bullfrog zombie (D:5)
  A hound (D:4)
  A bullfrog skeleton (D:5)
  A centaur skeleton (D:4)
  An iguana (D:4)
  5 adders
  3 gnolls (D:3)
  A howler monkey skeleton (D:4)
  2 worms
  4 dart slugs
  2 orcs
  6 ball pythons
  7 bats
  7 endoplasms
  2 giant cockroaches
  7 goblins
  7 hobgoblins
  7 quokkas
  A frilled lizard (D:3)
  4 kobolds
  2 rats
  A butterfly (D:5)
83 creatures vanquished.

Notes
Turn   | Place    | Note
-------+----------+-------------------------------------------
     0 | D:1      | horus123 the Deep Elf Conjurer began the quest for the Orb.
     0 | D:1      | Reached XP level 1. HP: 10/10 MP: 6/6
   162 | D:1      | Reached XP level 2. HP: 15/15 MP: 2/9
   165 | D:1      | Learned a level 2 spell: Searing Ray
   475 | D:1      | Found a faded altar of an unknown god.
   495 | D:1      | Reached skill level 5 in Conjurations
   495 | D:1      | Reached XP level 3. HP: 19/19 MP: 3/10
  1071 | D:2      | You fall into a shaft and drop 2 floors!
  1246 | D:4      | Reached XP level 4. HP: 24/24 MP: 8/12
  1304 | D:3      | Learned a level 4 spell: Iskenderun's Mystic Blast
  1380 | D:3      | Found a snail-covered altar of Cheibriados.
  1424 | D:3      | Learned a level 3 spell: Teleport Other
  1425 | D:3      | Found a hazy altar of Hepliaklqana.
  1432 | D:3      | Found a basalt altar of Yredelemnul.
  1455 | D:3      | Reached skill level 1 in Translocations
  1672 | D:3      | Found a stormy altar of Qazlal.
  1699 | D:3      | Reached XP level 5. HP: 25/28 MP: 7/13
  2197 | D:4      | Noticed an ogre
  2204 | D:4      | Killed an ogre
  2365 | D:4      | Found a staircase to the Ecumenical Temple.
  2393 | Temple   | Entered the Ecumenical Temple
  2869 | Temple   | Became a worshipper of Nemelex Xobeh the Trickster
  3133 | D:4      | Reached XP level 6. HP: 27/32 MP: 7/14
  3384 | D:4      | Reached skill level 5 in Stealth
  3664 | D:5      | Entered Level 5 of the Dungeon
  3664 | D:5      | Found a shimmering altar of Xom.
  3695 | D:5      | Reached skill level 2 in Short Blades
  3796 | D:5      | Reached skill level 3 in Short Blades
  3796 | D:5      | Reached XP level 7. HP: 29/36 MP: 7/15
  4023 | D:5      | Reached skill level 5 in Short Blades
  4250 | D:5      | Reached skill level 6 in Short Blades
  4330 | D:5      | Reached skill level 7 in Short Blades
  4498 | D:5      | Reached skill level 8 in Short Blades
  4633 | D:5      | Found a runed translucent door.
  4634 | D:5      | Noticed Crazy Yiuf
  4872 | D:5      | Noticed Edmund
  4912 | D:5      | Killed Edmund
  4913 | D:5      | Reached skill level 5 in Spellcasting
  4913 | D:5      | Reached XP level 8. HP: 11/41 MP: 1/17
  4954 | D:4      | Slain by an orc warrior

Illustrated notes

Levels and vault maps discovered:
D:1:      tarquinn_simple_flora_water_f, layout_rooms,
          hellmonk_ecumenical_altar_crossroads, st_stairs_14
D:2:      layout_basic, st_stairs_8
D:3:      layout_rooms, mainiacjoe_overflow_tiny_flanked, old_standard_altar,
          minitemple
D:4:      layout_basic, minmay_temple_entry_mini_moons, minmay_manual_mess
D:5:      layout_cave_pods, xom_butterflies,
          nzn_overflow_gifts_of_might_and_magic, uniq_crazy_yiuf_cottage,
          uniq_edmund
Temple:   dpeg_chambers_temple

Skill      XL: |  1  2  3  4  5  6  7 |
---------------+----------------------+-----
Spellcasting   | 4 5 |  5.3
Conjurations   | 5 6 |  6.0
Translocations | 2 4 |  4.2
Stealth        | 3 5 |  5.2
Short Blades   | 3 8 |  8.2
Dodging        | |  2.4

Action                   |  1- 3 |  4- 6 |  7- 9 || total
-------------------------+-------+-------+-------++-------
Melee: Rapier            |       |    18 |    21 ||    39
       Punch             |       |     1 |       ||     1
 Cast: Magic Dart        |    65 |    88 |    20 ||   173
       Searing Ray       |       |     7 |     9 ||    16
       Iskenderun's Myst |       |       |     4 ||     4
  Use: Scroll            |       |     9 |       ||     9
 Stab: Sleeping          |       |     2 |       ||     2
Armor: Robe              |     1 |     5 |     5 ||    11
Dodge: Dodged            |     8 |    25 |    15 ||    48

Table legend: (Time is in decaauts)
 A = Elapsed time spent in this place.
 B = Non-inter-level travel time spent in this place.
 C = Inter-level travel time spent in this place.
 D = Time resting spent in this place.
 E = Time spent auto-exploring this place.
 F = Levels seen in this place.
 G = Mean time per level.
                   A        B        C        D        E       F      G
               +--------+--------+--------+--------+--------+-----+--------+
         Total |   4956 |   4789 |    167 |    781 |   3040 |   6 |  826.0 |
       Dungeon |   4466 |   4312 |    154 |    781 |   2846 |   5 |  893.2 |
        Temple |    490 |    477 |     13 |      0 |    194 |   1 |  490.0 |
               +--------+--------+--------+--------+--------+-----+--------+

Top non-repeatable levels by time:
     D:5: 1285 daAuts
     D:4: 1188 daAuts
     D:1: 928 daAuts
     D:3: 818 daAuts
  Temple: 490 daAuts
     D:2: 244 daAuts
